Map: Blueshift LE

Players

PokeQuester

  • Race: Protoss Protoss
  • League: Gold
  • Spawn Location: 1:00

Tompers - Winner!

  • Race: Protoss Protoss
  • League: Gold
  • Spawn Location: 7:00

VOD

Have the link to the VOD?

Description

my name in SC2 is Tompers, name in twitch chat is kn1ghtr1d3r

Time

  • Played on: Sept. 21, 2018, 11:44 p.m.
  • Length: 14:51
Show
View Real Time Build Order
Export as new Build Order

PokeQuester Protoss 

Build Orders:  

Get SALT Encoding   

  12  0:01  Probe  
  13  0:13  Probe  
  14  0:18  Pylon  
  14  0:25  Probe  
  15  0:37  Gateway  
  15  0:38  Probe  
  16  0:46  Probe  
  16  0:47  Assimilator  
  16  0:54  Probe  
  16  0:56  Assimilator  
  18  1:05  Probe  
  19  1:12  Gateway  
  19  1:13  Probe  
  20  1:25  Probe  
  20  1:26  Cybernetics Core  
  21  1:39  Pylon  
  21  1:42  Probe  
  22  1:54  Probe  
  23  2:03  Warp Gate  
  23  2:05  Stalker  
  23  2:06  Probe  
  25  2:09  Stalker  
  27  2:20  Pylon  
  27  2:21  Probe  
  28  2:35  Shield Battery  
  29  2:44  Shield Battery  
  28  2:53  Robotics Facility  
  28  2:57  Stalker  
  30  3:02  Stalker  
  32  3:13  Gateway  
  32  3:27  Stalker  
  32  3:30  Pylon  
  32  3:32  Stalker  
  32  3:34  Observer  
  37  3:51  Warp Prism  
  39  4:10  Stalker x2  
  39  4:11  Stalker  
  39  4:15  Probe, Pylon  
  45  4:40  Pylon  
  45  4:53  Stalker  
  45  4:54  Stalker x2  
  51  5:23  Stalker x2  
  51  5:25  Stalker  
  47  6:19  Probe, Immortal  
  47  6:23  Nexus  
  47  6:24  Shield Battery  
  48  6:25  Shield Battery  
  48  6:27  Shield Battery  
  48  6:30  Probe, Assimilator  
  53  6:34  Assimilator  
  53  6:38  Probe  
  53  6:46  Probe  
  53  6:47  Immortal  
  55  6:55  Pylon  
  59  7:07  Probe  
  60  7:20  Pylon  
  60  7:21  Pylon  
  60  7:29  Probe, Pylon  
  61  7:36  Probe  
  62  7:41  Probe  
  63  7:48  Probe  
  64  7:53  Probe  
  64  7:54  Stargate  
  65  8:00  Probe  
  65  8:03  Stargate  
  65  8:05  Probe  
  67  8:11  Probe  
  68  8:15  Probe  
  68  8:16  Immortal  
  69  8:20  Probe  
  69  8:24  Probe  
  74  8:28  Stalker  
  74  8:33  Stalker  
  79  8:36  Observer  
  79  8:40  Void Ray  
  83  8:50  Void Ray  
  86  9:29  Nexus  
  86  9:31  Pylon  
  86  9:33  Void Ray  
  86  9:34  Pylon  
  86  9:37  Assimilator, Observer  
  91  9:42  Assimilator  
  91  9:44  Void Ray  
  95  9:45  Pylon  
  95  9:47  Probe  
  95  9:49  Probe  
  97  9:53  Protoss Air Weapons Level 1  
  97  9:55  Probe  
  97  9:57  Probe  
  97  9:58  Observer  
  98  10:05  Probe x2, Observer  
  102  10:18  Probe x2  
  104  10:29  Void Ray  
  104  10:30  Probe x2  
  102  10:42  Probe  
  99  10:46  Probe  
  100  10:50  Forge  
  100  10:51  Gateway  
  100  10:53  Probe  
  100  10:54  Probe  
  102  10:58  Probe  
  103  11:05  Probe  
  103  11:06  Probe  
  103  11:10  Probe  
  104  11:17  Probe  
  104  11:18  Probe  
  106  11:19  Void Ray  
  106  11:20  Void Ray  
  106  11:23  Probe  
  107  11:29  Probe  
  107  11:30  Probe  
  117  11:35  Probe  
  106  11:41  Probe  
  99  12:14  Probe x2  
  99  12:15  Probe  
  102  12:17  Pylon  
  102  12:21  Pylon  
  102  12:22  Pylon  
  102  12:25  Shield Battery  
  102  12:26  Probe x2  
  102  12:27  Probe, Photon Cannon  
  105  12:30  Photon Cannon  
  105  12:34  Photon Cannon  
  105  12:37  Photon Cannon  
  105  12:38  Probe x2  
  105  12:40  Shield Battery  
  105  12:44  Shield Battery  
  107  12:48  Photon Cannon  
  107  12:53  Photon Cannon  
  107  12:59  Twilight Council  
  107  13:24  Gateway  
  107  13:25  Gateway  
  107  13:27  Probe x2  
  107  13:29  Gateway  
  107  13:30  Observer  
  107  13:32  Gateway  
  109  13:37  Gateway  
  109  13:38  Templar Archives  
  109  13:40  Gateway  
  109  13:48  Shield Battery x2  
  109  13:51  Shield Battery  
  108  14:25  High Templar x2  
  108  14:26  High Templar x2  
  108  14:28  High Templar x4  
  108  14:31  Archon  
  108  14:32  Archon x2  
  108  14:37  Archon  
Show
View Real Time Build Order
Export as new Build Order

Tompers Protoss - Winner!

Build Orders:  

Get SALT Encoding   

  12  0:01  Probe  
  14  0:14  Probe  
  14  0:17  Pylon  
  14  0:29  Probe  
  15  0:38  Gateway  
  15  0:41  Probe  
  16  0:44  Assimilator  
  16  0:53  Probe  
  17  1:06  Probe  
  18  1:18  Probe  
  19  1:30  Probe  
  19  1:31  Cybernetics Core  
  20  1:42  Probe  
  21  1:51  Zealot  
  23  1:58  Pylon  
  23  2:06  Warp Gate  
  23  2:16  Probe, Nexus  
  23  2:19  Pylon  
  24  2:23  Pylon  
  24  2:26  Stalker  
  24  2:28  Probe  
  27  2:38  Probe, Pylon  
  28  2:46  Probe  
  29  2:54  Probe  
  30  2:58  Gateway  
  30  3:04  Stalker  
  32  3:15  Gateway  
  32  3:24  Robotics Facility  
  32  3:29  Assimilator  
  32  3:36  Shield Battery  
  32  3:37  Probe x2  
  34  4:18  Zealot x2  
  34  4:21  Stalker  
  40  4:41  Probe x2  
  40  4:42  Zealot x2  
  40  4:43  Observer  
  46  4:49  Probe x2  
  47  4:57  Pylon  
  47  4:58  Probe  
  47  4:59  Probe, Pylon  
  49  5:01  Immortal  
  53  5:10  Probe  
  53  5:11  Probe  
  55  5:15  Stalker x2  
  55  5:16  Stalker  
  61  5:22  Shield Battery  
  61  5:23  Probe x2  
  51  5:41  Zealot x3  
  54  5:51  Probe x2  
  52  5:59  Probe x2  
  54  6:06  Shield Battery  
  54  6:09  Probe x2  
  56  6:21  Probe  
  56  6:25  Immortal  
  56  6:30  Probe  
  57  6:33  Probe  
  57  6:34  Twilight Council  
  62  6:45  Probe  
  62  6:48  Probe, Assimilator  
  62  6:53  Probe, Assimilator  
  64  7:01  Probe  
  66  7:02  Probe  
  66  7:04  Immortal  
  71  7:13  Probe  
  71  7:15  Probe  
  73  7:20  Stalker x2  
  77  7:29  Pylon  
  77  7:32  Pylon  
  77  7:37  Pylon  
  77  7:47  Immortal, Zealot x2  
  77  7:48  Charge  
  85  7:54  Pylon  
  85  7:56  Pylon  
  85  7:58  Pylon  
  85  8:00  Pylon  
  85  8:04  Dark Shrine  
  85  8:12  Forge x2  
  85  8:18  Pylon  
  85  8:21  Pylon  
  85  8:27  Nexus  
  85  8:30  Probe x2  
  87  8:48  Photon Cannon  
  87  8:59  Probe x2  
  87  9:00  Pylon  
  89  9:03  Photon Cannon  
  89  9:05  Pylon  
  89  9:07  Probe x2  
  89  9:16  Probe x2, Zealot x3  
  97  9:21  Protoss Ground Weapons Level 1  
  97  9:22  Protoss Ground Armor Level 1  
  97  9:24  Observer  
  97  9:28  Blink  
  97  9:38  Dark Templar x2  
  101  9:39  Dark Templar  
  103  10:01  Assimilator  
  103  10:03  Assimilator  
  103  10:05  Pylon  
  103  10:10  Pylon, Zealot x2  
  105  10:21  Stalker  
  107  10:33  Shield Battery  
  107  10:34  Shield Battery  
  107  10:35  Photon Cannon  
  107  10:40  Shield Battery  
  103  10:42  Shield Battery  
  103  10:45  Photon Cannon  
  103  10:47  Photon Cannon  
  103  10:53  Dark Templar x3  
  105  11:04  Gateway  
  105  11:05  Gateway  
  105  11:07  Gateway  
  105  11:09  Gateway  
  105  11:11  Gateway x2  
  99  11:15  Gateway  
  99  11:17  Gateway  
  99  11:18  Protoss Ground Weapons Level 2, Protoss Ground Armor Level 2  
  99  11:26  Stalker x2  
  103  12:06  Dark Templar x3  
  103  12:08  Dark Templar x4  
  109  12:09  Dark Templar x3  
  117  12:16  Archon  
  117  12:17  Archon x3  
  117  12:18  Archon  
  117  12:25  Probe x3  
  120  12:33  Immortal  
  121  12:37  Probe x3  
  121  12:38  Zealot  
  129  12:49  Probe x3  
  129  12:51  Adept x2  
  134  12:53  Dark Templar x4  
  134  12:55  Stalker x3  
  150  13:11  Archon x2  
  151  13:13  Observer  
  151  13:33  Stargate  
  155  13:34  Immortal  
  155  13:41  Probe x3  
  158  14:04  Nexus  
  158  14:07  Pylon  
  158  14:09  Pylon  
  158  14:12  Pylon  
  158  14:18  Pylon  
Tags
 
League
GoldGold
Matchup
PvP
Spawn Locations
Cross Positions
Add a new tag
Caveats
  • Supply blocks, unpowered buildings, or Contaminate may cause inaccurate times.
  • Supply counts are checked every 10 seconds.